 Dungeon Crawl Stone Soup version 0.19-a0-1091-g463c9de (webtiles) character file.

212 Leszczynek the Cudgeler (level 5, 0/53 HPs)
             Began as an Ogre Conjurer on Aug 7, 2016.
             Was a Follower of Cheibriados.
             Succumbed to a worker ant's poison
             ... on level 4 of the Dungeon.
             The game lasted 00:13:45 (2355 turns).

Leszczynek the Cudgeler (Ogre Conjurer)             Turns: 2355, Time: 00:13:45

Health: 0/53       AC:  3    Str: 16    XL:     5   Next: 89%
Magic:  8/8        EV: 13    Int: 16    God:    Cheibriados [*.....]
Gold:   189        SH:  0    Dex: 12    Spells: 2 memorised, 5 levels left

rFire  . . .     SeeInvis .     n - +0 flail
rCold  . . .     Gourm    .     a - +0 robe
rNeg   . . .     Faith    .     (no shield)
rPois  .         Spirit   .     (helmet restricted)
rElec  .         Dismiss  .     (no cloak)
rCorr  .         Reflect  .     (gloves unavailable)
SustAt .         Harm     .     (boots unavailable)
MR     .....     Clarity  +     (no amulet)
Stlth  ++........               (no ring)
                                e - +3 ring of evasion

@: lethally poisoned (0 -> -9), very slow
A: unfitting armour, clarity, tough skin 1
a: Bend Time, Renounce Religion


You were on level 4 of the Dungeon.
You worshipped Cheibriados.
Cheibriados was aware of your devotion.
You were not hungry.

You visited 1 branch of the dungeon, and saw 4 of its levels.

You collected 189 gold pieces.

Inventory:

Hand Weapons
 n - a +0 flail (weapon)
 p - a +0 dagger
Missiles
 d - 3 tomahawks (quivered)
Armour
 a - a +0 robe (worn)
 s - a +0 large shield
Jewellery
 e - a +3 ring of evasion (left hand)
Scrolls
 f - a scroll of recharging {unknown}
 g - a scroll of random uselessness {unknown}
 i - a scroll of magic mapping {unknown}
 l - a scroll of amnesia {unknown}
 o - a scroll of immolation {unknown}
Potions
 k - a potion of resistance
Books
 b - a book of Conjurations

   Spells                             Type                      Level
   a - Magic Dart                     Conjuration                  1
   b - Searing Ray                    Conjuration                  2
   c - Dazzling Spray                 Conjuration/Hexes            3
   d - Fulminant Prism                Conjuration/Hexes            4
   e - Iskenderun's Mystic Blast      Conjuration                  4
   f - Iskenderun's Battlesphere      Conjuration/Charms           5
Comestibles
 c - 3 bread rations
 j - 3 fruits


   Skills:
 - Level 3.2 Fighting
 + Level 5.3 Maces & Flails
 - Level 1.7 Dodging
 - Level 1.5 Stealth
 * Level 2.0 Shields
 - Level 2.4 Spellcasting
 - Level 2.9 Conjurations


You had 5 spell levels left.
You knew the following spells:

 Your Spells              Type           Power        Failure   Level  Hunger
a - Magic Dart            Conj           ##..         8%          1    #......
b - Searing Ray           Conj           ##....       10%         2    ###....


Dungeon Overview and Level Annotations

Branches:
Dungeon (4/15)
 Temple: D:4-7

Altars:
Cheibriados
Dithmenos
Elyvilon
Fedhas
Ru
Sif Muna
Uskayaw
Vehumet
Xom


Innate Abilities, Weirdness & Mutations

You are too large for most types of armour.
You have tough skin. (AC +1)
You possess an exceptional clarity of mind.


Message History

* * * LOW HITPOINT WARNING * * *
The worker ant bites you.
* * * LOW HITPOINT WARNING * * *
You are poisoned.
The worker ant poisons you!
Okay, then.
Okay, then.
You hit the worker ant but do no damage.
The worker ant is heavily wounded.
You feel sick. The worker ant closely misses you.
You barely miss the worker ant.
The worker ant is heavily wounded.
The worker ant bites you.
* * * LOW HITPOINT WARNING * * *
You are more poisoned.
The worker ant poisons you!
Unknown command.
You closely miss the worker ant.
The worker ant is heavily wounded.
You die...

#.# #.#.# #.......#.#
#.###.#.#####.##.##.#.###
......................>#
####.##.#.......##..###.#.#
######.......#...........###.#.#
........................##...#.##
######.###.###...................
#........#.......#########.###.##
....##รท#.##.....@# #####.###.#
.......#.##.....a# #......<#.#
....#....##.##..(# #.###.###.#
..[.##.####.##...# #.# #.....#
###.#....##..#...# #.# #######
#.#..#.###.#...# #.#
#........#.....# #.#
####.###.##...(# #.# #.#
#.##....# #.#


You could see a worker ant.

Vanquished Creatures
  2 orc priests
  An orc wizard (D:3)
  3 gnolls (D:3)
  4 adders
  A worm (D:2)
  A dart slug (D:1)
  2 giant geckos (D:3)
  8 orcs
  4 giant cockroaches
  3 goblins (D:3)
  A hobgoblin (D:1)
  3 jackals (D:1)
  2 quokkas
  3 bats (D:1)
  3 giant newts (D:1)
  7 kobolds
  4 rats
52 creatures vanquished.

Notes
Turn   | Place    | Note
-------+----------+-------------------------------------------
     0 | D:1      | Leszczynek the Ogre Conjurer began the quest for the Orb.
     0 | D:1      | Reached XP level 1. HP: 16/16 MP: 3/3
    17 | D:1      | great
    43 | D:1      | Reached skill level 1 in Fighting
   123 | D:1      | Reached skill level 2 in Fighting
   123 | D:1      | Reached XP level 2. HP: 10/28 MP: 0/5
   217 | D:1      | Learned a level 2 spell: Searing Ray
   411 | D:1      | Reached skill level 3 in Fighting
   743 | D:1      | Gained mutation: Armour fits poorly on your strangely shaped body. [potion of mutation]
   743 | D:1      | Gained mutation: You possess an exceptional clarity of mind. [potion of mutation]
   743 | D:1      | Lost mutation: Armour fits poorly on your strangely shaped body. [potion of mutation]
   754 | D:2      | Found a shadowy altar of Dithmenos.
   754 | D:2      | Found a radiant altar of Vehumet.
   754 | D:2      | Found a snail-covered altar of Cheibriados.
   754 | D:2      | Found a sacrificial altar of Ru.
   754 | D:2      | Found a hide-covered altar of Uskayaw.
   754 | D:2      | Found a shimmering altar of Xom.
   754 | D:2      | Found a blossoming altar of Fedhas.
   754 | D:2      | Found a deep blue altar of Sif Muna.
   781 | D:2      | so, to chei or not to chei
   781 | D:2      | pros are faster regeneration per step and cheistats
   781 | D:2      | cons are well known
   781 | D:2      | let's explore the level, then maybe come back
   840 | D:2      | Reached XP level 3. HP: 29/37 MP: 1/6
   947 | D:2      | You fall through a shaft for 2 floors!
   948 | D:4      | noice
   951 | D:4      | Reached skill level 1 in Maces & Flails
  1147 | D:4      | Reached skill level 3 in Maces & Flails
  1147 | D:4      | Reached XP level 4. HP: 32/45 MP: 3/7
  1304 | D:3      | ok, we're going chei
  1304 | D:3      | large shield
  1381 | D:2      | Became a worshipper of Cheibriados the Contemplative
  1505 | D:3      | Reached skill level 4 in Maces & Flails
  1516 | D:3      | Reached skill level 1 in Shields
  1516 | D:3      | Reached XP level 5. HP: 44/53 MP: 8/8
  1526 | D:3      | welp
  1526 | D:3      | that's some useful potions gone
  1548 | D:3      | Found a white marble altar of Elyvilon.
  1886 | D:3      | Reached skill level 5 in Maces & Flails
  2077 | D:3      | Reached * piety under Cheibriados
  2245 | D:4      | Reached skill level 2 in Shields
  2354 | D:4      | HP: 1/53 [worker ant (6)]
  2355 | D:4      | Succumbed to a worker ant's poison

Vault maps used:
D:1:      lightli_arrival_boilingwater, grunt_decor_cap
D:2:      grunt_temple_overflow_open, first_bread
D:3:      lemuel_crystal_altar, fedhas_altar_fruit_tree

Skill      XL: |  1  2  3  4  5 |
---------------+----------------+-----
Fighting       | 2 3 |  3.2
Maces & Flails | 3 4 5 |  5.3
Shields        | 1 2 |  2.0
Dodging        | |  1.7
Stealth        | |  1.5
Spellcasting   | |  2.4
Conjurations   | |  2.9

Action                   |  1- 3 |  4- 6 || total
-------------------------+-------+-------++-------
Melee: Dagger            |    54 |       ||    54
       Whip              |    24 |       ||    24
       Flail             |       |   106 ||   106
Throw: Tomahawk          |       |     3 ||     3
 Cast: Magic Dart        |    37 |     9 ||    46
       Searing Ray       |     3 |       ||     3
  Use: Scroll            |     6 |     1 ||     7
       Potion            |     1 |     6 ||     7
 Stab: Sleeping          |       |     1 ||     1
  Eat: Chunk             |     2 |     4 ||     6
Armor: Robe              |    27 |    15 ||    42
Dodge: Dodged            |    61 |    53 ||   114
Block: Large shield      |       |    66 ||    66
